 Dungeon Crawl Stone Soup version 0.21.1-1-g345015fe64 (webtiles) character file.

1250 LilDood the Slinger (level 8, -10/55 HPs)
             Began as a Halfling Hunter on June 22, 2018.
             Mangled by spacerossing's ghost (14 damage)
             ... on level 6 of the Dungeon on June 23, 2018.
             The game lasted 00:40:13 (6783 turns).

LilDood the Slinger (Halfling Hunter)               Turns: 6783, Time: 00:40:13

Health: -10/55     AC:  4    Str: 11 (13) XL:     8   Next: 80%
Magic:  11/11      EV: 17    Int:  6 (9)  God:
Gold:   299        SH:  0    Dex: 16 (17) Spells: 11/11 levels left

rFire    + . .     SeeInvis .   b - +0 short sword
rCold    . . .     Gourm    .   (shield restricted)
rNeg     . . .     Faith    .   p - +0 leather armour {rF+}
rPois    .         Spirit   .   (no helmet)
rElec    .         Reflect  .   g - +0 cloak (curse)
rCorr    +         Harm     .   (no gloves)
MR       .....                  (no boots)
Stlth    ++........             (no amulet)
HPRegen  0.18/turn              d - ring of resist corrosion
MPRegen  0.12/turn              u - ring of wizardry

@: no status effects
A: small, mutation resistance 1
a: no special abilities


You were on level 6 of the Dungeon.
You were very hungry.

You visited 1 branch of the dungeon, and saw 6 of its levels.

You collected 299 gold pieces.

Inventory:

Hand Weapons
 a - a +1 hunting sling
 b - a +0 short sword (weapon)
Missiles
 i - 78 stones (quivered)
 y - 9 sling bullets
Armour
 c - a +0 leather armour
 e - a +0 robe
 g - a cursed +0 cloak (worn)
 p - a +0 leather armour of fire resistance (worn)
 t - a scarf of repulsion
Jewellery
 d - a ring of resist corrosion (left hand)
 u - a ring of wizardry (right hand)
Wands
 x - a wand of enslavement (22)
Scrolls
 h - 3 scrolls of magic mapping {unknown}
 l - 5 scrolls of teleportation
 m - 3 scrolls of identify {unknown}
 n - 4 scrolls of remove curse {unknown}
 r - 2 scrolls of blinking {unknown}
 v - 3 scrolls of amnesia {unknown}
Potions
 j - a potion of haste
 k - a potion of lignification {unknown}
 o - a potion of brilliance {unknown}
 q - 2 potions of degeneration
 s - a potion of magic {unknown}
 z - a potion of heal wounds {unknown}
Comestibles
 f - 12 rations


   Skills:
 - Level 5.2 Fighting
 - Level 10.0 Slings
 - Level 0.2 Armour
 * Level 5.2 Dodging
 - Level 3.0 Stealth
 + Level 2.1 Spellcasting


You had 11 spell levels left.
You didn't know any spells.

Dungeon Overview and Level Annotations

Branches:
Dungeon (6/15)             Temple (0/1) D:6

Altars:
Fedhas
Gozag
Ru
Trog

Annotations:
D:2 Sigmund
D:4 Salt's ghost, amateur GrFi
D:6 spacerossing's ghost, novice FoFi


Innate Abilities, Weirdness & Mutations

You are small and have problems with some larger weapons.
You are somewhat resistant to further mutation.


Message History

You hit the bullfrog.
The bullfrog is almost dead.
The bullfrog hits you but does no damage.
You closely miss the bullfrog.
The bullfrog is almost dead.
The bullfrog closely misses you. x2
You hit the bullfrog.
You kill the bullfrog!
Your surroundings suddenly seem different.
An orc wizard comes into view. It is wielding a dagger.
Spacerossing's ghost (novice Formicid Fighter) comes into view.
It is wielding a weapon of electrocution.
There is an open door here.
Found a pair of gloves.
The orc wizard shouts!
The orc wizard closely misses you. Spacerossing's ghost barely misses you.
Spacerossing's ghost hits you!
* * * LOW HITPOINT WARNING * * *
You are electrocuted!
You die...

#..# #....
#..# #########
#.#.. #..#
#..[....#
##.#######)##.
#..# #.......#
#.............
#..# #.......#
#.######<.....
#..# #.......#
#.# ###.###
#..# #.....o.#
#.# #.# # ##.#
#.....W.# #.#
#.# # #.#
#......@# #.#
#.# # #.#
#.......###.#
### # #.#
+.......'...#
# #.#
#.......#####
# #.#
######### #
#.# # #.# #
#.# # #.# #


You could see an orc wizard and spacerossing's ghost.

Vanquished Creatures
  An orc warrior (D:5)
  A sky beast (D:5)
  An ogre (D:5)
  A necrophage (D:6)
  A bullfrog (D:6)
  A scorpion (D:3)
  A howler monkey (D:5)
  A jelly (D:5)
  A hound (D:4)
  5 orc wizards
  A bullfrog skeleton (D:5)
  2 centaur skeletons
  Natasha (thrice) (D:2)
  6 worker ants
  Robin (D:1)
  3 gnolls
  6 adders
  An adder zombie (D:5)
  4 worms
  3 dart slugs
  2 leopard geckos
  19 orcs
  5 giant cockroaches
  9 goblins
  6 hobgoblins
  9 jackals
  13 kobolds
  2 quokkas
  3 ball pythons
  4 bats
  3 frilled lizards
  A leopard gecko skeleton (D:6)
  8 rats
128 creatures vanquished.

Notes
Turn   | Place    | Note
-------+----------+-------------------------------------------
     0 | D:1      | LilDood the Halfling Hunter began the quest for the Orb.
     0 | D:1      | Reached XP level 1. HP: 14/14 MP: 1/1
   116 | D:1      | Reached skill level 6 in Slings
   142 | D:1      | Reached XP level 2. HP: 17/19 MP: 2/2
   402 | D:1      | Reached XP level 3. HP: 24/24 MP: 3/3
   973 | D:2      | Noticed Natasha
   990 | D:2      | Killed Natasha
   990 | D:2      | Reached skill level 7 in Slings
   990 | D:2      | Reached XP level 4. HP: 8/29 MP: 4/4
  1056 | D:2      | Noticed Robin
  1466 | D:1      | Killed Robin
  1768 | D:2      | Noticed Natasha
  1779 | D:2      | Killed Natasha
  1779 | D:2      | Reached XP level 5. HP: 18/35 MP: 5/5
  2006 | D:2      | Found a blossoming altar of Fedhas.
  2108 | D:2      | Found an opulent altar of Gozag.
  2301 | D:2      | Noticed Natasha
  2306 | D:2      | Killed Natasha
  2328 | D:2      | Noticed Sigmund
  2503 | D:3      | Reached skill level 1 in Spellcasting
  2503 | D:3      | Reached XP level 6. HP: 25/41 MP: 7/7
  2844 | D:3      | Found a bloodstained altar of Trog.
  2954 | D:3      | Found a bloodstained altar of Trog.
  3195 | D:2      | Reached skill level 8 in Slings
  3957 | D:4      | Reached XP level 7. HP: 45/45 MP: 9/9
  4391 | D:4      | Noticed Salt's ghost (amateur GrFi)
  4524 | D:5      | Entered Level 5 of the Dungeon
  4677 | D:5      | Found a sacrificial altar of Ru.
  4841 | D:5      | Reached skill level 5 in Dodging
  4851 | D:5      | Reached skill level 9 in Slings
  4950 | D:5      | Reached XP level 8. HP: 52/52 MP: 9/11
  5666 | D:5      | Reached skill level 10 in Slings
  6093 | D:6      | Found a staircase to the Ecumenical Temple.
  6478 | D:6      | Reached skill level 5 in Fighting
  6764 | D:6      | HP: 1/55 [bullfrog (3)]
  6771 | D:6      | Noticed spacerossing's ghost (novice FoFi)
  6783 | D:6      | Mangled by spacerossing's ghost

Skill      XL: |  1  2  3  4  5  6  7  8 |
---------------+-------------------------+-----
Slings         | 6 7 8 9 10 | 10.0
Fighting       | 2 3 5 |  5.2
Dodging        | 3 4 5 |  5.2
Stealth        | 2 3 |  3.0
Spellcasting   | 1 2 |  2.1
Armour         | |  0.2

Action                   |  1- 3 |  4- 6 |  7- 9 || total
-------------------------+-------+-------+-------++-------
Melee: Short sword       |       |       |    56 ||    56
 Fire: Hunting sling     |    60 |   201 |   231 ||   492
Throw: Stone             |       |       |    21 ||    21
  Use: Potion            |       |       |     4 ||     4
       Scroll            |       |       |     1 ||     1
  Eat: Chunk             |       |     8 |     8 ||    16
Armor: Leather armour    |     3 |    13 |    17 ||    33
Dodge: Dodged            |     6 |    49 |   124 ||   179
